 Dungeon Crawl Stone Soup version 0.26-a0-682-g294304f6e8 (webtiles) character file.

Game seed: 9258557080825579103

58 DogServant the Insei (level 4, 34/34 HPs)
             Began as a Merfolk Transmuter on Oct 20, 2020.
             Quit the game on level 2 of the Dungeon.
             The game lasted 00:02:04 (2306 turns).

DogServant the Insei (Merfolk Transmuter)           Turns: 2306, Time: 00:02:04

Health: 34/34      AC:  2    Str: 11    XL:     4   Next: 1%
Magic:  7/7        EV: 13    Int: 12    God:
Gold:   78         SH:  0    Dex: 14    Spells: 6/7 levels left

rFire    . . .     SeeInvis .     - Unarmed
rCold    . . .     Faith    .   (no shield)
rNeg     . . .     Spirit   .   a - +0 robe
rPois    .         Reflect  .   (no helmet)
rElec    .         Harm     .   (no cloak)
rCorr    .         Rampage  .   (no gloves)
MR       .....                  (no boots)
Stlth    +.........             (no amulet)
HPRegen  0.11/turn              (no ring)
MPRegen  0.10/turn              (no ring)

@: no status effects
A: change form in water, swift swim, stealthy swim
a: no special abilities


You were on level 2 of the Dungeon.
You visited 1 branch of the dungeon, and saw 2 of its levels.

You collected 78 gold pieces.

Inventory:

Missiles
 e - 9 poisoned darts (quivered)
Armour
 a - a +0 robe (worn)
Scrolls
 b - 2 scrolls of identify {unknown}
 c - a scroll of remove curse {unknown}
Potions
 d - a potion of degeneration {unknown}
 f - a potion of brilliance {unknown}


   Skills:
 + Level 2.9 Fighting
 - Level 2.6 Dodging
 - Level 4.3 Unarmed Combat
 - Level 2.0 Spellcasting
 + Level 2.6 Transmutations


You had 6 spell levels left.
You knew the following spells:

 Your Spells              Type           Power        Failure   Level
a - Beastly Appendage     Tmut           #.....       9%          1

Your spell library contained the following spells:

 Spells                   Type           Power        Failure   Level
 Wereblood                Tmut           #.......     14%         2
 Spider Form              Tmut/Pois      #.........   43%         3
 Ice Form                 Ice/Tmut       #.......     83%         4
 Blade Hands              Tmut           #.........   94%         5


Dungeon Overview and Level Annotations

Branches:
Dungeon (2/15)

Altars:


Message History

The worm is heavily wounded.
Your transformation is almost over.
The worm looks more healthy.
The worm misses you.
You hit the worm but do no damage.
The worm is heavily wounded.
You hit the worm.
You headbutt the worm, but do no damage.
The worm is severely wounded.
The worm bites you but does no damage.
You punch the worm!
You kill the worm!
You have reached level 4!
Your horns disappear.
e - 8 poisoned darts (gained 2)
e - 9 poisoned darts (gained 1)
Found a plate armour.
A rat comes into view.
Unknown command.
Unknown command.
Are you sure you want to abandon this character and quit the game? (Confirm with "yes".)

####### ......##
###...####
#[.......#
#.#...##.##########
#.@###..........#
#r......#
##########.#
#######.# ### #.#
#+# ##.###.#
#......# ##.#####
#..## ####...#####
+...........


You could see a rat (asleep).

Vanquished Creatures
  An adder (D:2)
  A worm (D:2)
  3 dart slugs (D:1)
  2 leopard geckos (D:2)
  3 giant cockroaches
  2 goblins (D:1)
  2 hobgoblins
  4 jackals (D:2)
  A ball python (D:1)
  3 bats
  3 frilled lizards
  6 kobolds
  7 rats
38 creatures vanquished.

Notes
Turn   | Place    | Note
-------+----------+-------------------------------------------
     0 | D:1      | DogServant the Merfolk Transmuter began the quest for the
                  | Orb.
     0 | D:1      | Reached XP level 1. HP: 15/15 MP: 3/3
   367 | D:1      | Reached XP level 2. HP: 20/22 MP: 5/5
  1137 | D:2      | Reached XP level 3. HP: 20/27 MP: 6/6
  1144 | D:2      | Reached skill level 4 in Unarmed Combat
  2167 | D:2      | Reached XP level 4. HP: 24/34 MP: 5/7
  2306 | D:2      | Quit the game

Illustrated notes

Levels and vault maps discovered:
D:1:      eino_arrival_water_star, layout_basic, glass_columns_a
D:2:      layout_loops_corners, serial_park_tiny_pond, uniq_sigmund

Skill      XL: |  1  2  3 |
---------------+----------+-----
Fighting       | 2 |  2.9
Unarmed Combat | 4 |  4.3
Dodging        | |  2.6
Spellcasting   | |  2.0
Transmutations | |  2.6

Action                   |  1- 3 |  4- 6 || total
-------------------------+-------+-------++-------
Melee: Unarmed           |   152 |       ||   152
       Headbutt          |     5 |       ||     5
       Punch             |     2 |       ||     2
Throw: Dart              |     3 |       ||     3
 Cast: Beastly Appendage |     5 |       ||     5
 Stab: Sleeping          |     2 |       ||     2
Armor: Robe              |    19 |       ||    19
Dodge: Dodged            |    90 |       ||    90

Table legend: (Time is in decaauts)
 A = Elapsed time spent in this place.
 B = Non-inter-level travel time spent in this place.
 C = Inter-level travel time spent in this place.
 D = Time resting spent in this place.
 E = Time spent auto-exploring this place.
 F = Levels seen in this place.
 G = Mean time per level.
                   A        B        C        D        E       F      G
               +--------+--------+--------+--------+--------+-----+--------+
         Total |   2292 |   2262 |     30 |      0 |   2001 |   2 | 1146.0 |
       Dungeon |   2292 |   2262 |     30 |      0 |   2001 |   2 | 1146.0 |
               +--------+--------+--------+--------+--------+-----+--------+

Top non-repeatable levels by time:
     D:2: 1206 daAuts
     D:1: 1085 daAuts
